 Dungeon Crawl Stone Soup version 0.29.1-12-g30fa7ad0bf (webtiles) character file.

Game seed: 17305861865314873811

7031 GigaChad the Blocker (level 10, -2/88 HPs)
             Began as a Minotaur Fighter on Jan 10, 2023.
             Was a High Priest of Okawaru.
             Killed from afar by a steam dragon (6 damage)
             ... with a ball of steam
             ... on level 11 of the Dungeon on Jan 11, 2023.
             The game lasted 00:17:31 (9506 turns).

GigaChad the Blocker (Minotaur Fighter)             Turns: 9506, Time: 00:17:32

Health: -2/88      AC: 13    Str: 29    XL:     10   Next: 82%
Magic:  0/0        EV:  7    Int:  9    God:    Okawaru [*****.]
Gold:   559        SH: 24    Dex:  9    Spells: 9/9 levels left

rFire   . . .      SeeInvis .   J - +3 morningstar of Fate {flame, Will+ MP-9 Str+3 Int+4}
rCold   . . .      Faith    .   n - +3 tower shield
rNeg    . . .      Spirit   .   t - +0 chain mail
rPois   .          Reflect  +   C - +1 hat {Will+}
rElec   .          Harm     .   E - +0 cloak
rCorr   .          Rampage  .   (no gloves)
Will    ++...                   (no boots)
Stlth   ..........              s - amulet of reflection
HPRegen 0.24/turn               (no ring)
MPRegen 0.07/turn               (no ring)

@: no status effects
A: horns 2, retaliatory headbutt
a: Renounce Religion, Heroism, Finesse, Duel


You were on level 11 of the Dungeon.
You worshipped Okawaru.
Okawaru was extremely pleased with you.
You visited 2 branches of the dungeon, and saw 12 of its levels.

You collected 730 gold pieces.
You spent 171 gold pieces at shops.

Inventory:

Hand Weapons
 a - a +6 spectral war axe
 x - a +1 scimitar of flaming
 J - the +3 morningstar of Fate (weapon) {flame, Will+ MP-9 Str+3 Int+4}
   (You bought it in a shop on level 9 of the Dungeon)

   It burns those it strikes, dealing additional fire damage.
   Str:       It affects your strength (+3).
   Int:       It affects your intelligence (+4).
   MP:        It affects your magic capacity (-9).
   Will:      It increases your willpower.
Armour
 b - a +0 scale mail
 c - a +0 buckler
 n - a +3 tower shield (worn)
 t - a +0 chain mail (worn)
 w - +0 steam dragon scales
 C - a +1 hat of willpower (worn)
 E - a +0 cloak (worn)
Jewellery
 s - an amulet of reflection (around neck)
 B - a ring of protection from cold
 H - a ring of see invisible
Wands
 j - a wand of roots (10)
 o - a wand of flame (9)
 F - a wand of mindburst (4)
Scrolls
 e - 3 scrolls of fear
 h - a scroll of noise
 l - 5 scrolls of teleportation
 r - 2 scrolls of torment
 v - a scroll of butterflies
 y - a scroll of poison
 D - a scroll of enchant weapon
 G - a scroll of magic mapping {unknown}
Potions
 d - 2 potions of might
 g - a potion of attraction {unknown}
 i - a potion of degeneration {unknown}
 k - 3 potions of heal wounds {unknown}
 m - 5 potions of curing {unknown}
 p - 2 potions of cancellation {unknown}
 q - 2 potions of berserk rage {unknown}
 u - 2 potions of resistance {unknown}
 z - 3 potions of flight {unknown}
 A - a potion of haste {unknown}
Miscellaneous
 I - a piece from Xom's chessboard (15/15)


   Skills:
 * Level 8.2 Fighting
 + Level 10.7 Axes
 + Level 0.5(6.7) Maces & Flails
 + Level 7.8 Armour
 + Level 2.8 Dodging
 + Level 0.7 Stealth
 * Level 13.5 Shields


You had 9 spell levels left.
You didn't know any spells.
Your spell library was empty.

Dungeon Overview and Level Annotations

Branches:
Dungeon (11/15)            Temple (1/1) D:4
   Lair: D:8-11         Orc: D:9-12

Altars:
Ashenzari
Cheibriados
Dithmenos
Elyvilon
Gozag
Nemelex Xobeh
Okawaru
Qazlal
Ru
Sif Muna
Trog
Uskayaw
Vehumet
Wu Jian
Yredelemnul
Zin
The Shining One

Shops:
D:3 *   D:5 !   D:9 *=*:(


Innate Abilities, Weirdness & Mutations

You have a pair of horns on your head.
You reflexively headbutt those who attack you in melee.


Message History

Unknown command.
You barely miss the steam dragon.
The steam dragon is severely wounded.
You are engulfed in a cloud of scalding steam.
* * * LOW HITPOINT WARNING * * *
You block the yak's attack. The yak gores you.
* * * LOW HITPOINT WARNING * * *
You block the yak's attack. The steam dragon breathes steam at you.
The ball of steam hits you but does no damage.
You hear two shouts!
You can't go up here!
The yak is engulfed in a cloud of scalding steam.
You block the yak's attack. The yak gores you!
* * * LOW HITPOINT WARNING * * *
The yak is engulfed in a cloud of scalding steam.
You block the yak's attack. The steam dragon breathes steam at you.
The ball of steam hits you.
* * * LOW HITPOINT WARNING * * *
You climb downwards.
There is a stone staircase leading up here.
You hit the yak but do no damage.
The yak is lightly wounded.
You block the yak's attack. x2; The steam dragon bites you.
* * * LOW HITPOINT WARNING * * *
The steam dragon barely misses you. x2
The steam dragon claws you but does no damage.
The yak gores you but does no damage. x2
You thump the yak! You burn the yak.
The yak is heavily wounded.
You block the steam dragon's attack. x2; The yak gores you.
* * * LOW HITPOINT WARNING * * *
The yak gores you but does no damage.
You sock the yak! You burn the yak.
The yak is almost dead.
The yak gores you but does no damage. You block the yak's attack.
The steam dragon breathes steam at you. The ball of steam hits you.
You die...

#..# . #..
.. ###.. ..
#...# .#
#.#.##..#
#.#....#
#Y....#
###D#..#..#
#Y@Y..#...#
######......
#....#
...... ###.#
..


You could see 3 yaks and a steam dragon (catching breath).

Vanquished Creatures
  Gastronok (D:8)
  Erica (D:8)
  A centaur warrior (D:10)
  2 hornets
  6 yaks
  A wyvern (D:10)
  2 steam dragons
  A water moccasin (D:8)
  2 orc warriors
  2 black bears
  A sky beast (D:7)
  An ogre (D:6)
  4 centaurs
  2 kobold brigands
  A gnoll sergeant (D:9)
  2 bullfrogs
  2 necrophages
  4 scorpions
  4 wights (D:7)
  7 killer bees
  2 howler monkeys (D:5)
  3 hounds
  2 jellies
  5 orc priests
  A gnoll bouda (D:8)
  8 iguanas
  4 orc wizards
  A mummy (D:5)
  8 gnolls
  8 adders
  A shadow imp (D:8)
  A white imp (D:5)
  3 ufetubi
  2 dart slugs
  3 worms
  32 orcs
  3 ball pythons
  13 endoplasms
  4 giant cockroaches
  8 goblins
  5 hobgoblins
  3 jackals (D:3)
  20 kobolds
  A bat (D:3)
  3 rats
191 creatures vanquished.

Vanquished Creatures (others)
  An orc wizard (D:7)
  An orc (D:7)
  A kobold (D:7)
  3 fungi (D:4)
  4 toadstools (D:4)
10 creatures vanquished.

Grand Total: 201 creatures vanquished

Notes
Turn   | Place    | Note
-------+----------+-------------------------------------------
     0 | D:1      | GigaChad the Minotaur Fighter began the quest for the Orb.
     0 | D:1      | Reached XP level 1. HP: 19/19 MP: 0/0
   167 | D:1      | Reached XP level 2. HP: 27/27 MP: 1/1
   546 | D:1      | Found a faded altar of an unknown god.
   885 | D:1      | You fall into a shaft and drop 1 floor!
   908 | D:2      | Found a radiant altar of Vehumet.
   976 | D:2      | Reached XP level 3. HP: 33/33 MP: 2/2
  1467 | D:3      | Reached skill level 4 in Shields
  1872 | D:3      | Found an iron altar of Okawaru.
  1888 | D:3      | Reached XP level 4. HP: 34/40 MP: 3/3
  2009 | D:3      | Found a basalt altar of Yredelemnul.
  2031 | D:3      | Found Xesuss's General Store.
  2258 | D:3      | Became a worshipper of Warmaster Okawaru
  2631 | D:4      | Reached skill level 5 in Shields
  2631 | D:4      | Reached XP level 5. HP: 29/46 MP: 4/4
  2746 | D:4      | Found a staircase to the Ecumenical Temple.
  2816 | Temple   | Entered the Ecumenical Temple
  3017 | D:4      | Found a glowing silver altar of Zin.
  3112 | D:4      | Found a shadowy altar of Dithmenos.
  3388 | D:5      | Entered Level 5 of the Dungeon
  3395 | D:5      | Reached skill level 5 in Axes
  3395 | D:5      | Reached XP level 6. HP: 52/52 MP: 5/5
  3503 | D:5      | Identified the +1 robe "Aplue" {Dex+2}
  3597 | D:5      | Reached * piety under Okawaru
  3598 | D:5      | Reached skill level 1 in Dodging
  3598 | D:5      | Reached skill level 6 in Shields
  3663 | D:5      | Found Wiso Ym Rash's Distillery.
  3687 | D:5      | Reached XP level 7. HP: 59/60 MP: 6/6
  3888 | D:5      | Found a sacrificial altar of Ru.
  3924 | D:5      | Found an opulent altar of Gozag.
  3929 | D:5      | Reached skill level 7 in Shields
  4211 | D:6      | Noticed a hornet
  4215 | D:6      | Reached ** piety under Okawaru
  4216 | D:6      | Reached skill level 5 in Armour
  4218 | D:6      | Killed a hornet
  4219 | D:6      | Reached skill level 5 in Fighting
  4219 | D:6      | Reached skill level 8 in Shields
  4219 | D:6      | Reached XP level 8. HP: 64/68 MP: 7/7
  4246 | D:6      | Found a hide-covered altar of Uskayaw.
  4749 | D:6      | Reached *** piety under Okawaru
  4750 | D:6      | Reached skill level 9 in Shields
  5177 | D:7      | Reached XP level 9. HP: 19/75 MP: 8/8
  5942 | D:7      | Reached skill level 10 in Shields
  6295 | D:7      | Found a shimmering blue altar of Sif Muna.
  6568 | D:8      | Noticed Erica
  6576 | D:8      | Killed Erica
  6576 | D:8      | Reached **** piety under Okawaru
  6681 | D:8      | Reached skill level 11 in Shields
  6918 | D:8      | Noticed Gastronok
  6930 | D:8      | Killed Gastronok
  6930 | D:8      | Reached ***** piety under Okawaru
  6931 | D:8      | Reached skill level 10 in Axes
  6931 | D:8      | Reached XP level 10. HP: 86/86 MP: 9/9
  7275 | D:8      | Found an ornate altar of the Wu Jian Council.
  7433 | D:9      | Found Qousuut's Jewellery Boutique.
  7497 | D:9      | Found Juzof's Assorted Antiques.
  7576 | D:9      | Found Nimoxyr's General Store.
  7672 | D:9      | Found a white marble altar of Elyvilon.
  7912 | D:9      | Reached skill level 12 in Shields
  7944 | D:9      | Found Dimaenk's Book Shoppe.
  8467 | D:9      | Found Somu Sumn's Antique Weapon Shoppe.
  8470 | D:9      | Bought a warped morningstar for 171 gold pieces
  8470 | D:9      | Identified the +3 morningstar of Fate {flame, Will+ MP-9
                  | Str+3 Int+4} (You bought it in a shop on level 9 of the
                  | Dungeon)
  8767 | D:10     | Entered Level 10 of the Dungeon
  8781 | D:10     | Noticed a centaur warrior
  8790 | D:10     | Killed a centaur warrior
  8790 | D:10     | Received a gift from Okawaru
  8791 | D:10     | Reached skill level 13 in Shields
  8818 | D:10     | Noticed a centaur warrior
  8825 | D:10     | HP: 3/88 [centaur warrior/arrow (8)]
  9505 | D:11     | HP: 4/88 [yak (4)]
  9506 | D:11     | Killed from afar by a steam dragon

Illustrated notes

Levels and vault maps discovered:
D:1:      zelgadis_glass_arrival_small, layout_loops_cross,
          basic_ecumenical_altar
D:2:      layout_rooms, basic_altar, fountainhead
D:3:      layout_basic, okawaru_trees_1, lemuel_crystal_altar, serial_shops,
          nicolae_shop_behind_doors
D:4:      layout_cave_pools, mainiacjoe_overflow_boulevard, zin_scriptorium,
          minmay_temple_entry_arrows, minmay_gold_behind_fungi
D:5:      layout_basic, mainiacjoe_overflow_two_lobes,
          gup_ossuary_entry_pyramid, serial_shops, shop
D:6:      layout_basic, nicolae_overflow_hidden_temple
D:7:      layout_gridville, led_sif_pool, nrook_mini_vaults
D:8:      layout_gridville, mainiacjoe_overflow_six_doors_small, uniq_gastronok,
          uniq_erica
D:9:      layout_stronghold, elyvilon_altar_1, serial_shops,
          nicolae_shop_behind_doors, shop, nicolae_shop_window_shopping,
          nicolae_shop_advertising_works [nicolae_subvault_shop_adworks], shop
D:10:     layout_gridville, gammafunk_temple_overflow_wave, orc_0_dummy
D:11:     minmay_the_grid_triangle_9x9_recursive_2_mashed
          [minmay_the_grid_triangle_9x9_prize_top_heavy,
          minmay_the_grid_triangle_9x9_corruption,
          minmay_the_grid_triangle_9x9_checkered,
          minmay_the_grid_triangle_9x9_thin_v], layout_basic, dpeg_oklobed_lair,
          minivault_26, lemuel_flamethrower_1
Temple:   nicolae_temple_bog_church

Skill      XL: |  1  2  3  4  5  6  7  8  9 10 |
---------------+-------------------------------+-----
Fighting       | 4 5 6 7 8 |  8.2
Armour         | 4 5 7 |  7.8
Shields        | 4 5 6 8 9 11 13 | 13.5
Axes           | 3 4 5 6 8 10 | 10.7
Dodging        | 1 2 |  2.8
Maces & Flails | |  0.5
Stealth        | |  0.7

Action                   |  1- 3 |  4- 6 |  7- 9 | 10-12 || total
-------------------------+-------+-------+-------+-------++-------
Melee: War axe           |    84 |    90 |   116 |    44 ||   334
       Headbutt          |    15 |    19 |    19 |    13 ||    66
       Morningstar       |       |       |       |    32 ||    32
  Use: Scroll            |       |     8 |     8 |     2 ||    18
Armor: Scale mail        |    43 |    30 |       |       ||    73
       Chain mail        |       |     5 |    41 |    42 ||    88
Dodge: Dodged            |    19 |    20 |     9 |    27 ||    75
Block: Buckler           |     9 |       |       |       ||     9
       Tower shield      |    47 |   101 |   142 |   183 ||   473
       Reflection        |       |     3 |    21 |    18 ||    42
